 Dungeon Crawl Stone Soup version 0.31-a0-221-gbddc013574 (webtiles) character file.

Game seed: 17285088859173701352

48 qw the Shooter (level 3, -2/29 HPs)
             Began as a Minotaur Hexslinger on July 4, 2023.
             Slain by a hobgoblin (4 damage)
             ... led by Robin
             ... on level 2 of the Dungeon.
             The game lasted 00:00:19 (812 turns).

qw the Shooter (Minotaur Hexslinger)                 Turns: 812, Time: 00:00:19

Health: -2/29      AC:  6    Str: 12    XL:     3   Next: 50%
Magic:  3/3        EV: 11    Int: 10    God:
Gold:   84         SH:  0    Dex: 14    Spells: 3/4 levels left

rFire   . . .        Y - +1 sling
rCold   . . .        (no shield)
rNeg    . . .        g - +0 ring mail
rPois   .            (helmet restricted)
rElec   .            (no cloak)
rCorr   .            d - +0 pair of gloves
SInv    .            (no boots)
Will    .....        (no amulet)
Stlth   +            (no ring)
HPRegen 0.24/turn    (no ring)
MPRegen 0.08/turn

%: no passive effects
@: no status effects
A: horns 2, retaliatory headbutt
a: no special abilities


You were on level 2 of the Dungeon.
You visited 1 branch of the dungeon, and saw 2 of its levels.

You collected 84 gold pieces.


Innate Abilities, Weirdness & Mutations

You have a pair of horns on your head.
You reflexively headbutt those who attack you in melee.


   Skills:
 - Level 2.0 Fighting
 - Level 4.1 Ranged Weapons
 + Level 0.0 Armour
 - Level 2.1 Dodging
 - Level 1.0 Spellcasting
 - Level 2.0 Hexes


You had 3 spell levels left.
You knew the following spells:

 Your Spells              Type           Power      Damage    Failure   Level
a - Slow                  Hex            16%        N/A       34%         1

Your spell library contained the following spells:

 Spells                   Type           Power      Damage    Failure   Level
 Inner Flame              Hex/Fire       2%         N/A       83%         3
 Portal Projectile        Hex/Tloc       4%         N/A       83%         3
 Cause Fear               Hex            2%         N/A       98%         4

Inventory:

Hand Weapons
 Y - a +1 sling (weapon)
Armour
 d - a +0 pair of gloves (worn)
 g - a +0 ring mail (worn)
Potions
 i - a potion of curing

Dungeon Overview and Level Annotations

Branches:
Dungeon (2/15)

Altars:

Annotations:
D:2 Robin


Message History

The gnoll barely misses you. The gnoll closely misses you.
You shoot a sling bullet.
The sling bullet hits the gnoll but does no damage.
The gnoll hits you but does no damage. Robin throws the goblin at you!
You shoot a sling bullet. The sling bullet hits the gnoll.
The gnoll is moderately wounded.
The goblin barely misses you. You furiously retaliate!
You headbutt the goblin, but do no damage.
The gnoll misses you. You furiously retaliate!
You headbutt the gnoll!
You kill the gnoll!
Your Ranged Weapons skill increases to level 4!
You shoot a sling bullet.
The sling bullet barely misses the goblin.
The goblin no longer looks unusually strong. x2
The hobgoblin no longer looks unusually strong.
The goblin hits you but does no damage. The hobgoblin closely misses you.
Robin throws the goblin at you! The goblin hits you with a +0 dagger.
The goblin closely misses you. The hobgoblin misses you.
The goblin hits you but does no damage. x2; The goblin closely misses you.
You shoot a sling bullet. The sling bullet misses the goblin.
The hobgoblin hits you. The goblin barely misses you.
Robin roars a battlecry!
The goblins go into a battle-frenzy!
The goblin hits you but does no damage. x2
You shoot a sling bullet. The sling bullet misses the goblin.
A hobgoblin comes into view.
The hobgoblin closely misses you. The goblin closely misses you.
The goblin hits you with a +0 dagger. The goblin hits you but does no damage.
You shoot a sling bullet. The sling bullet hits the goblin.
You kill the goblin!
The hobgoblin no longer looks unusually strong.
The goblin barely misses you.
The hobgoblin hits you but does no damage.
The goblin hits you with a +0 club. The goblin hits you but does no damage.
The goblin hits you with a +0 club.
You shoot a sling bullet.
The sling bullet closely misses the hobgoblin.
The goblin hits you with a +0 dagger. The hobgoblin barely misses you.
The hobgoblin hits you.
You die...

... ...#
... ...###
.. ...#.
#.##....
......#
lg.#.#
###g#..#
#.g@g..#
#.#g##...#
# #.## .# #
#..#
#.##.######
#.........+
####.######
#.# #.#


You could see Robin, 2 hobgoblins, 2 goblins and a frilled lizard.

Vanquished Creatures
  2 gnolls (D:2)
  A dart slug (D:1)
  A ball python (D:1)
  6 endoplasms
  7 goblins
  A hobgoblin (D:1)
  A quokka (D:1)
  2 bats (D:1)
  2 kobolds (D:1)
  A rat (D:1)
24 creatures vanquished.

Notes
Turn   | Place    | Note
-------+----------+-------------------------------------------
     0 | D:1      | qw the Minotaur Hexslinger began the quest for the Orb.
     0 | D:1      | Reached XP level 1. HP: 16/16 MP: 1/1
     0 | D:1      | 0 ||| qw: Version: 0.3-a-41-g9d075ac
     0 | D:1      | 0 ||| qw: Game counter: 824
     0 | D:1      | 0 ||| qw: Melee chars always use a shield: true
     0 | D:1      | 0 ||| qw: God list: Okawaru
     0 | D:1      | 0 ||| qw: Allow faded altars: false
     0 | D:1      | 0 ||| qw: Do Orc after clearing Dungeon:15 true
     0 | D:1      | 0 ||| qw: Do second Lair branch before Depths: true
     0 | D:1      | 0 ||| qw: Lair rune preference: random
     0 | D:1      | 0 ||| qw: Goals: Normal
     0 | D:1      | 0 ||| PLANNING D:1-11
   178 | D:1      | Reached skill level 3 in Ranged Weapons
   213 | D:1      | Reached XP level 2. HP: 23/23 MP: 2/2
   646 | D:1      | 646 ||| UPGRADING to +0 pair of gloves.
   651 | D:1      | 651 ||| UPGRADING to +0 leather armour.
   661 | D:1      | 661 ||| DROPPING +0 robe.
   662 | D:1      | 662 ||| UPGRADING to +0 ring mail.
   672 | D:1      | 672 ||| DROPPING +0 leather armour.
   673 | D:1      | 673 ||| DROPPING ring of wizardry.
   674 | D:1      | 674 ||| READING scroll labelled SATHAI BEFION.
   678 | D:1      | 678 ||| READING scroll labelled SOGUOT IRUY.
   679 | D:1      | 679 ||| DRINKING 2 clear potions.
   680 | D:1      | 680 ||| DROPPING scroll of poison.
   797 | D:2      | Reached XP level 3. HP: 21/29 MP: 3/3
   797 | D:2      | Noticed Robin
   808 | D:2      | Reached skill level 4 in Ranged Weapons
   810 | D:2      | HP: 7/29 [goblin/+0 dagger[Robin] (2)]
   811 | D:2      | HP: 3/29 [goblin/+0 club[Robin] (1)]
   812 | D:2      | Slain by a hobgoblin

Levels and vault maps discovered:
D:1:      dpeg_arrival_another_circle, layout_loops_ring, minmay_pentomino_z4
D:2:      layout_basic, roderic_nine_men_s_morris,
          chequers_serial_rivers_small_a, uniq_robin

Skill      XL: |  1  2  3 |
---------------+----------+-----
Ranged Weapons | 3 4 |  4.1
Fighting       | 2 |  2.0
Dodging        | |  2.1
Spellcasting   | |  1.0
Hexes          | |  2.0

Action                     || total
---------------------------++-------
   Fire: Sling             ||    73
    Use: Scroll            ||     2
         Potion            ||     1
 Armour: Ring mail         ||    19
         Robe              ||     1
  Dodge: Dodged            ||    26

Table legend:
 A = Non-vault XP
 B = Vault XP
 C = Vault XP percentage of total XP
 D = Non-vault monster count
 E = Vault monster count
 F = Vault count percentage of total count
                 A         B        C        D         E       F
            +---------+---------+-------+---------+---------+-------
      Total |      57 |      12 |  17.4 |      17 |       7 |  29.2
            +---------+---------+-------+---------+---------+-------
        D:1 |      26 |       4 |  13.3 |      14 |       2 |  12.5
        D:2 |      31 |       8 |  20.5 |       3 |       5 |  62.5
            +---------+---------+-------+---------+---------+-------
